 Dungeon Crawl Stone Soup version 0.25.1-2-g60ff931df9 (webtiles) character file.

Game seed: 6293738138512556596

24236 jlumianski the Cleaver (level 13, -2/90 HPs)
             Began as a Formicid Fighter on Oct 24, 2020.
             Was the Champion of Zin.
             Slain by a frost giant
             ... wielding a +1 battleaxe of freezing
              (4 damage)
             ... in an ice cave on Nov 30, 2020.
             The game lasted 01:54:28 (14517 turns).

jlumianski the Cleaver (Formicid Fighter)          Turns: 14517, Time: 01:54:29

Health: -2/90      AC: 22    Str: 28    XL:     13   Next: 41%
Magic:  20/20      EV:  7    Int: 12    God:    Zin [******]
Gold:   795        SH: 14    Dex: 16    Spells: 12/12 levels left

rFire    + . .     SeeInvis +   I - +7 broad axe "Isyisori" {elec, Int+2}
rCold    + . .     Gourm    .   c - +1 kite shield
rNeg     . . .     Faith    .   n - +0 crystal plate armour
rPois    .         Spirit   .   (helmet unavailable)
rElec    .         Reflect  .   e - scarf {rC+ rF+}
rCorr    .         Harm     .   b - +2 pair of gloves
MR       +....                  (no boots)
Stlth    ..........             w - amulet of regeneration
HPRegen  0.65/turn              k - ring of Syndicalism {Str+2 Dex+6}
MPRegen  0.17/turn              y - ring of flight

@: no status effects
A: permanent stasis, dig shafts and tunnels, four strong arms, antennae 3,
clever 1, frail 1
a: Dig, Shaft Self, Recite, Vitalisation, Imprison, Sanctuary, Donate Gold,
Renounce Religion, Evoke Flight


You were in an ice cave.
You worshipped Zin.
Zin was exalted by your worship.
You were not hungry.

You visited 3 branches of the dungeon, and saw 15 of its levels.
You also visited: Gauntlet and Ice Cave.

You collected 997 gold pieces.
You donated 202 gold pieces to Zin.

Inventory:

Hand Weapons
 j - a +2 dagger of holy wrath
 I - the +7 broad axe "Isyisori" (weapon) {elec, Int+2}
   (You acquired it on level 7 of the Dungeon)

   Occasionally, upon striking a foe, it will discharge some electrical energy
   and cause terrible harm.
   It affects your intelligence (+2).
 W - a +6 eveningstar
Missiles
 a - 11 javelins (quivered)
 t - 4 throwing nets
 N - 57 poisoned darts
Armour
 b - a +2 pair of gloves (worn)
 c - a +1 kite shield (worn)
 e - a scarf of resistance (worn)
 n - a +0 crystal plate armour (worn)
Jewellery
 k - the ring of Syndicalism (left hand) {Str+2 Dex+6}
   (You found it in a Gauntlet)

   [ring of dexterity]

   It affects your strength (+2).
   It affects your dexterity (+6).
 s - an uncursed amulet of the acrobat
 w - an amulet of regeneration (around neck)
 x - a +4 ring of evasion
 y - a ring of flight (right hand)
 K - the amulet "Xecsonwu" {rC- MR++ Regen+ Str+6}
   (You acquired it on level 7 of the Dungeon)

   [amulet of regeneration]

   It affects your strength (+6).
   It makes you vulnerable to cold.
   It affects your resistance to hostile enchantments.
   It increases your rate of regeneration.
 M - a +6 ring of dexterity
 P - an uncursed ring of poison resistance
Wands
 F - a wand of acid (11)
 V - a wand of flame (14)
Scrolls
 g - 2 scrolls of fog
 h - 3 scrolls of remove curse
 l - a scroll of holy word
 o - 2 scrolls of identify
 r - a scroll of silence {unknown}
 u - 3 scrolls of immolation
Potions
 d - 6 potions of might
 m - 2 potions of brilliance
 p - a potion of stabbing
 q - 4 potions of curing
 z - a potion of magic {unknown}
 A - a potion of resistance
 D - 7 potions of cancellation
Miscellaneous
 v - a phantom mirror
 T - a tin of tremorstones (3/3)
Comestibles
 f - 28 rations
 i - 7 chunks of flesh


   Skills:
 + Level 9.3 Fighting
 + Level 12.7 Axes
   Level 2.6(3.0) Slings
 + Level 1.8(2.4) Throwing
 + Level 8.5 Armour
 + Level 3.2 Dodging
 - Level 8.0 Stealth
 + Level 11.0 Shields
 * Level 9.3 Invocations


You had 12 spell levels left.
You didn't know any spells.
Your spell library contained the following spells:

 Spells                   Type           Power        Failure   Level  Hunger
 Corona                   Hex            #......      100%        1    ##.....
 Slow                     Hex            #.......     100%        2    ###....
 Inner Flame              Hex/Fire       #.......     100%        3    ####...
 Portal Projectile        Hex/Tloc       #.....       100%        3    ####...
 Cause Fear               Hex            #.........   100%        4    #####..
 Leda's Liquefaction      Hex/Erth       #.........   100%        4    #####..
 Malign Gateway           Summ/Tloc      #.........   100%        7    #######
 Monstrous Menagerie      Summ           #.........   100%        7    #######
 Summon Greater Demon     Summ           #.........   100%        7    #######
 Summon Horrible Things   Summ           #.........   100%        8    #######


Dungeon Overview and Level Annotations

Branches:
Dungeon (13/15)            Temple (1/1) D:4            Lair (1/6) D:10
    Orc (0/2) D:12          IceCv (1/1)             Gauntlet (visited)
 Vaults: D:13-14

Altars:
Ashenzari
Cheibriados
Elyvilon
Kikubaaqudgha
Makhleb
Okawaru
Qazlal
Sif Muna
Trog
Uskayaw
Vehumet
Wu Jian
Zin
Beogh

Shops:
D:5 %   D:7 :


Innate Abilities, Weirdness & Mutations

You cannot be hasted, slowed, berserked, paralysed or teleported.
You can dig through walls and to a lower floor.
Your four strong arms can wield two-handed weapons with a shield.
You have a pair of large antennae on your head. (SInv)
Your mind is acute. (Int +2)
You are frail. (-10% HP)


Message History

You hear an angry growl.
The frost giant hits you with a +1 battleaxe of freezing!!
The frost giant freezes you.
* * * LOW HITPOINT WARNING * * *
You slash the frost giant!
The frost giant is lightly wounded. "...number among the unbelievers?
Come before me, that..."
You hit the frost giant but do no damage.
The frost giant is lightly wounded.
You block the frost giant's attack.
You slash the frost giant!
The frost giant is moderately wounded. "...I may purify you now for your disloyalty!'" The frost giant is dazed by your recitation.
The frost giant shouts!
You finish reciting Ablutions 9:28.
The frost giant hits you with a +1 battleaxe of freezing!!
* * * LOW HITPOINT WARNING * * *
The frost giant freezes you.
You die...

###≈≈≈≈≈≈##.#
###≈≈≈≈≈##.##
#≈≈≈≈≈≈≈≈#÷#
≈≈≈≈≈≈≈≈≈≈÷##
≈≈≈≈≈≈≈≈≈≈≈≈##
≈≈≈##≈≈≈≈≈#≈≈#
≈≈≈###≈≈≈###≈##
#.########C#
####...##.###@#
#.#÷#..#..÷#.##
##..##.#..#..#.#
#...####.##....#
##÷###########..#
#÷.#≈≈#..## ##.#
#÷##≈≈#...# ###
#.##≈≈#...#
##..###÷⌠.#


You could see a frost giant (dazed).

Vanquished Creatures
  A minotaur (Gauntlet)
  Harold (D:9)
  Fannar (D:11)
  A death scarab (Gauntlet)
  A death yak (IceCv)
  Urug (D:10)
  A spectral death yak (Gauntlet)
  An obsidian statue (D:9)
  An unseen horror (D:11)
  A deep elf mage (D:12)
  An ugly thing (D:10)
  A manticore (D:12)
  Joseph (D:9)
  Maurice (D:8)
  An ice statue (IceCv)
  A centaur skeleton (D:11)
  A komodo dragon (D:10)
  An ice devil (Gauntlet)
  A troll (D:10)
  9 polar bears (IceCv)
  A tyrant leech (Gauntlet)
  4 hornets
  Prince Ribbit (D:9)
  A meliai zombie (D:13)
  4 slime creatures (D:11)
  A shadow (D:8)
  5 wyverns
  21 yaks
  A basilisk (D:12)
  A steam dragon (Lair:1)
  4 swamp worms (Gauntlet)
  A soldier ant (D:8)
  An acid dragon (D:12)
  Duvessa (D:4)
  2 orc warriors (D:12)
  3 sky beasts
  3 ice beasts
  A phantom (D:8)
  4 ogres
  18 wolves (IceCv)
  12 centaurs
  3 crocodiles
  3 big kobolds
  5 bullfrogs
  A gnoll sergeant (D:4)
  A wyvern zombie (D:12)
  A water moccasin skeleton (D:7)
  Dowan (D:4)
  A howler monkey (D:4)
  3 crimson imps
  4 centaur zombies
  2 jellies
  9 hounds
  3 bullfrog skeletons
  7 orc priests
  10 orc wizards
  An iguana (D:10)
  8 worker ants
  4 hound skeletons
  Robin (D:2)
  3 gnolls
  12 adders
  2 shadow imps
  2 white imps (Gauntlet)
  An ooze (D:3)
  2 adder skeletons
  5 worms
  3 dart slugs
  6 leopard geckos
  45 orcs
  2 ball pythons
  4 giant cockroaches
  7 hobgoblins
  15 jackals
  4 quokkas
  5 bats
  4 frilled lizards
  19 goblins
  15 kobolds
  A leopard gecko zombie (D:5)
  3 rats (D:1)
346 creatures vanquished.

Vanquished Creatures (others)
  A polar bear (IceCv)
  3 wolves (IceCv)
  A plant (Gauntlet)
5 creatures vanquished.

Grand Total: 351 creatures vanquished

Notes
Turn   | Place    | Note
-------+----------+-------------------------------------------
     0 | D:1      | jlumianski the Formicid Fighter began the quest for the
                  | Orb.
     0 | D:1      | Reached XP level 1. HP: 18/18 MP: 1/1
   277 | D:1      | You fall into a shaft and drop 1 floor!
   290 | D:2      | Reached XP level 2. HP: 24/24 MP: 2/2
   310 | D:2      | Reached XP level 3. HP: 26/29 MP: 3/3
  1139 | D:1      | Reached XP level 4. HP: 32/36 MP: 4/4
  1427 | D:2      | Reached skill level 3 in Axes
  1913 | D:3      | Noticed Robin
  1962 | D:2      | Killed Robin
  1962 | D:2      | Reached XP level 5. HP: 42/42 MP: 5/5
  2846 | D:4      | Noticed Duvessa
  2846 | D:4      | Noticed Dowan
  3002 | D:4      | Killed Duvessa
  3002 | D:4      | Reached skill level 1 in Slings
  3002 | D:4      | Reached skill level 1 in Dodging
  3002 | D:4      | Reached skill level 5 in Shields
  3002 | D:4      | Reached XP level 6. HP: 25/48 MP: 6/6
  3004 | D:4      | Killed Dowan
  3360 | D:4      | Reached XP level 7. HP: 46/54 MP: 7/7
  3478 | D:4      | Found a staircase to the Ecumenical Temple.
  3527 | Temple   | Entered the Ecumenical Temple
  3558 | Temple   | Became a worshipper of Zin the Law-Giver
  3558 | Temple   | Reached * piety under Zin
  3559 | Temple   | Donated 63 gold pieces to Zin
  3730 | D:4      | Found a shimmering blue altar of Sif Muna.
  3940 | D:5      | Entered Level 5 of the Dungeon
  4094 | D:5      | Reached skill level 4 in Axes
  4315 | D:5      | Reached skill level 5 in Armour
  4315 | D:5      | Reached XP level 8. HP: 61/61 MP: 8/8
  4394 | D:5      | Found a white marble altar of Elyvilon.
  4420 | D:5      | Reached skill level 5 in Axes
  4547 | D:5      | Reached skill level 5 in Fighting
  4577 | D:5      | Donated 40 gold pieces to Zin
  5169 | D:5      | Found Semnuin's Food Shoppe.
  5489 | D:5      | Reached skill level 6 in Axes
  5735 | D:6      | Reached XP level 9. HP: 61/68 MP: 9/9
  5746 | D:6      | Reached ** piety under Zin
  6088 | D:6      | Reached skill level 1 in Invocations
  6405 | D:6      | Reached *** piety under Zin
  6862 | D:6      | Reached skill level 1 in Stealth
  7075 | D:7      | Reached skill level 7 in Axes
  7265 | D:7      | Found Niobbeka's Book Boutique.
  7335 | D:7      | Identified 2 scrolls of acquirement
  7335 | D:7      | Acquired the amulet "Xecsonwu" {rC- MR++ Regen+ Str+6}
  7380 | D:7      | Acquired the +7 broad axe "Isyisori" {elec, Int+2}
  7479 | D:7      | Identified the +3 ring mail of Polytheism {rPois rF- Dex+9
                  | Slay-5} (You found it on level 7 of the Dungeon)
  8195 | D:8      | Noticed Maurice
  8225 | D:8      | Killed Maurice
  8227 | D:8      | Reached **** piety under Zin
  8261 | D:8      | Reached XP level 10. HP: 73/76 MP: 12/12
  8329 | D:8      | Got a fine flail
  8337 | D:8      | Identified the cursed +3 flail "Dick" {flame, Dex+5} (You
                  | found it on level 8 of the Dungeon)
  8541 | D:8      | Reached skill level 8 in Axes
  8734 | D:9      | Noticed Harold
  8750 | D:9      | Killed Harold
  8750 | D:9      | Reached skill level 9 in Axes
  8750 | D:9      | Reached skill level 5 in Stealth
  8750 | D:9      | Reached skill level 5 in Invocations
  8869 | D:9      | Noticed an obsidian statue
  8918 | D:9      | Noticed an orange demon
  8923 | D:9      | Killed an obsidian statue
  8995 | D:9      | Noticed Joseph
  9011 | D:9      | Killed Joseph
  9130 | D:9      | Reached XP level 11. HP: 75/83 MP: 15/15
  9712 | D:9      | Noticed Prince Ribbit
  9726 | D:9      | Reached ***** piety under Zin
  9821 | D:9      | Killed Prince Ribbit
  9888 | D:10     | Entered Level 10 of the Dungeon
 10078 | D:10     | Noticed Urug
 10093 | D:10     | Killed Urug
 10120 | D:10     | Gained mutation: You are frail. (-10% HP) [potion of
                  | mutation]
 10120 | D:10     | Gained mutation: Your mind is acute. (Int +2) [potion of
                  | mutation]
 10504 | D:10     | Found a staircase to the Lair.
 10583 | Lair:1   | Entered Level 1 of the Lair of Beasts
 10586 | Lair:1   | HP: 3/75 [steam dragon (4)]
 10663 | Lair:1   | Found a gate leading to a gauntlet.
 10675 | Gauntlet | Entered a Gauntlet
 10675 | Gauntlet | Found a transporter.
 10675 | Gauntlet | Found a transporter.
 10675 | Gauntlet | Noticed a spectral death yak
 10675 | Gauntlet | Noticed a death scarab
 10679 | Gauntlet | Found a transporter.
 10679 | Gauntlet | Found a transporter.
 10683 | Gauntlet | Found a transporter.
 10683 | Gauntlet | Found a transporter.
 10717 | Gauntlet | Found a transporter.
 10721 | Gauntlet | Found a transporter.
 10730 | Gauntlet | Found a transporter.
 10746 | Gauntlet | Found a transporter.
 10764 | Gauntlet | Found a transporter.
 10767 | Gauntlet | Found a transporter.
 10828 | Gauntlet | Killed a spectral death yak
 10828 | Gauntlet | Reached skill level 10 in Axes
 10836 | Gauntlet | Killed a death scarab
 11004 | Gauntlet | Got a smoking wooden ring
 11006 | Gauntlet | Identified the ring of Syndicalism {Str+2 Dex+6} (You found
                  | it in a Gauntlet)
 11027 | Gauntlet | Noticed a minotaur
 11073 | Gauntlet | Zin protects you from harm!
 11075 | Gauntlet | Killed a minotaur
 11075 | Gauntlet | Reached skill level 1 in Throwing
 11400 | D:10     | Noticed a white ugly thing
 11409 | D:10     | Killed a white ugly thing
 11409 | D:10     | Reached XP level 12. HP: 81/81 MP: 17/17
 12020 | D:11     | Reached ****** piety under Zin
 12329 | D:11     | Noticed Fannar
 12349 | D:11     | Killed Fannar
 12349 | D:11     | Reached skill level 11 in Axes
 12706 | D:12     | Noticed an unseen horror
 12759 | D:11     | Killed an unseen horror
 12788 | D:12     | Reached skill level 10 in Shields
 12901 | D:12     | Found a staircase to the Orcish Mines.
 13011 | D:12     | Found a roughly hewn altar of Beogh.
 13490 | D:13     | Noticed a vault guard
 13499 | D:13     | Noticed a vault guard
 13665 | D:13     | Found a frozen archway.
 13700 | IceCv    | Entered an ice cave
 13913 | IceCv    | Reached skill level 12 in Axes
 13913 | IceCv    | Reached XP level 13. HP: 68/89 MP: 19/19
 14478 | IceCv    | Noticed a frost giant
 14517 | IceCv    | HP: 2/90 [frost giant/+1 battleaxe of freezing (27)]
 14517 | IceCv    | Slain by a frost giant

Illustrated notes

Levels and vault maps discovered:
D:1:      dpeg_arrival_subterranean_lakeside_camping, layout_basic
D:2:      layout_basic
D:3:      layout_rooms, uniq_robin
D:4:      layout_basic, led_sif_pool, minmay_temple_entry_nine_rooms,
          first_ration, uniq_duvessa
D:5:      layout_gridville, serial_shops, shop, elyvilon_altar_3
D:6:      minmay_inner_zag, layout_basic
D:7:      layout_loops_cross, serial_shops, shop
D:8:      layout_basic, serial_co_window_serial, co_window_corner_a,
          co_window_paths_a, co_window_paths_a, co_window_of_opportunity_a,
          co_window_corner_a, co_window_paths_b, co_window_corner_b,
          co_window_corner_b, co_window_corner_b, co_window_of_opportunity_b,
          co_window_corner_b, co_window_paths_e, co_window_paths_d,
          hangedman_pestilent_swarm, uniq_maurice
D:9:      minmay_statue_hallways, layout_gridville, uniq_harold, uniq_joseph,
          uniq_prince_ribbit1
D:10:     layout_loops_ring, erik_lair_dragon, uniq_urug
D:11:     layout_rooms, st_stairs_1, uniq_fannar
D:12:     layout_loops_ring, minmay_orc_entry_temple_small
D:13:     layout_basic, grunt_vaults_entry_fortified,
          portal_ice_cave_entry_pillars_1
Temple:   grunt_wide_crystal_templ
Lair:1:   layout_cellular_growth, gauntlet_entry_generic, serial_bayou_pond_d
IceCv:    ice_cave_caverns_02

Skill      XL: |  1  2  3  4  5  6  7  8  9 10 11 12 13 |
---------------+----------------------------------------+-----
Shields        | 4 5 6 7 8 9 10 11 | 11.0
Axes           | 3 4 6 7 9 10 12 | 12.7
Armour         | 4 5 6 7 8 |  8.5
Slings         | 1 2 |  2.6
Dodging        | 1 2 3 |  3.2
Fighting       | 4 5 6 7 8 9 |  9.3
Invocations    | 3 5 7 8 9 |  9.3
Stealth        | 3 5 7 8 |  8.0
Throwing       | 1 |  1.8

Action                   |  1- 3 |  4- 6 |  7- 9 | 10-12 | 13-15 || total
-------------------------+-------+-------+-------+-------+-------++-------
Melee: War axe           |    90 |   193 |   243 |       |       ||   526
       Broad axe         |       |       |    29 |   439 |   122 ||   590
 Fire: Hunting sling     |       |    23 |    17 |       |       ||    40
Throw: Stone             |       |     3 |     3 |     1 |       ||     7
       Javelin           |       |       |       |    14 |    20 ||    34
       Dart              |       |       |       |     5 |       ||     5
Invok: Recite            |       |       |     2 |    11 |     1 ||    14
       Donate Gold       |       |       |     2 |       |       ||     2
       Vitalisation      |       |       |       |     1 |       ||     1
 Abil: Shaft Self        |     1 |       |       |       |       ||     1
       Dig               |     1 |     3 |     4 |    11 |     6 ||    25
       Evoke Flight      |       |       |       |       |     1 ||     1
Evoke: Wand              |       |       |       |     1 |       ||     1
  Use: Scroll            |       |     3 |     9 |    14 |     2 ||    28
       Potion            |       |     2 |     3 |    10 |       ||    15
 Stab: Confused          |       |       |       |     2 |       ||     2
       Sleeping          |       |       |       |     1 |       ||     1
       Paralysed         |       |       |       |     8 |       ||     8
       Invisible         |       |       |       |     2 |       ||     2
  Eat: Chunk             |     1 |     8 |     5 |    10 |     2 ||    26
       Ration            |       |       |     3 |     3 |       ||     6
Armor: Scale mail        |    49 |    82 |       |       |       ||   131
       Chain mail        |       |     5 |   164 |       |       ||   169
       Ice dragon scales |       |       |     8 |    46 |       ||    54
       Crystal plate arm |       |       |       |   155 |    45 ||   200
Dodge: Dodged            |    29 |    64 |    97 |   108 |    20 ||   318
Block: Kite shield       |    61 |   118 |   196 |   309 |    83 ||   767
